Map: Black Site 2E

Players

Metasapien - Winner!

  • Race: Zerg Zerg
  • League: Gold
  • Spawn Location: 12:00

bestiger - Winner!

  • Race: Terran Terran
  • League: Platinum
  • Spawn Location: 11:00

Peacekeeper - Winner!

  • Race: Zerg Zerg
  • Spawn Location: 9:00

GiermoIVI

  • Race: Zerg Zerg
  • Spawn Location: 5:00

Mecho

  • Race: Protoss Protoss
  • Spawn Location: 3:00

Hades

  • Race: Zerg Zerg
  • Spawn Location: 6:00

VOD

Have the link to the VOD?

Description

Time

  • Played on: Aug. 20, 2017, 8:32 p.m.
  • Length: 23:36
Show
View Real Time Build Order
Export as new Build Order

Metasapien Zerg - Winner!

Build Orders: Hatch First 

Get SALT Encoding   

  12  0:02  Drone  
  13  0:13  Drone  
  14  0:17  Extractor  
  14  0:19  Extractor, Drone  
  13  0:22  Drone  
  16  0:52  Overlord  
  16  0:53  Hatchery  
  15  1:08  Spawning Pool  
  15  1:10  Extractor  
  13  1:11  Drone  
  13  1:17  Drone  
  15  1:24  Drone  
  15  1:25  Drone  
  17  1:34  Drone  
  18  1:52  Drone  
  19  1:54  Queen  
  19  1:57  Overlord  
  21  2:13  Queen  
  23  2:16  Drone  
  24  2:23  Drone x2  
  24  2:27  Metabolic Boost  
  26  2:31  Drone  
  27  2:38  Spine Crawler  
  24  2:44  Zergling x2  
  24  2:45  Zergling x2  
  24  2:46  Zergling x2  
  22  3:00  Zergling x4  
  21  3:12  Drone  
  20  3:15  Zergling x6  
  23  3:24  Drone  
  23  3:32  Spine Crawler  
  19  3:56  Spine Crawler, Drone x3  
  21  4:16  Zergling x2  
  22  4:20  Spine Crawler  
  22  4:22  Extractor  
  20  4:25  Drone x3  
  21  5:05  Drone x2  
  21  5:06  Zergling x6  
  25  5:07  Overlord  
  25  5:13  Lair  
  25  5:19  Zergling x2  
  26  5:43  Hatchery  
  26  5:49  Drone  
  26  5:51  Drone x2  
  26  5:52  Drone  
  29  5:59  Overlord  
  29  6:15  Zergling x2  
  30  6:24  Drone x2  
  30  6:25  Drone x2  
  34  6:30  Queen  
  36  6:58  Drone  
  36  6:59  Queen  
  39  7:07  Drone x2  
  39  7:08  Drone x3  
  44  7:14  Hydralisk Den  
  43  7:28  Extractor  
  43  7:29  Extractor  
  42  7:30  Zergling x6  
  42  7:31  Drone x2  
  46  7:37  Overlord  
  46  7:38  Overlord  
  43  8:00  Hydralisk x2  
  43  8:01  Hydralisk x3  
  43  8:04  Overlord  
  53  8:08  Drone  
  54  8:15  Drone  
  54  8:17  Drone x2  
  57  8:27  Overlord, Hydralisk  
  59  8:50  Hydralisk x3  
  59  8:51  Overlord x3, Hydralisk  
  59  8:52  Hydralisk  
  69  9:09  Pneumatized Carapace  
  69  9:26  Evolution Chamber  
  69  9:29  Evolution Chamber  
  67  9:36  Hatchery  
  66  9:45  Muscular Augments  
  66  9:54  Hydralisk x9  
  66  9:57  Overlord  
  84  10:33  Hydralisk  
  84  10:34  Hydralisk x8  
  102  10:43  Zerg Ground Armor Level 1  
  102  10:44  Zerg Missile Weapons Level 1  
  103  10:50  Drone  
  75  11:19  Hydralisk  
  75  11:20  Hydralisk x3  
  75  11:24  Drone x2  
  85  11:32  Queen  
  85  11:34  Drone  
  88  11:52  Hatchery  
  87  12:08  Queen  
  85  12:19  Queen  
  81  12:48  Spore Crawler  
  81  12:50  Spore Crawler, Drone x9  
  81  12:51  Drone x8  
  88  13:42  Spore Crawler  
  88  13:43  Spore Crawler  
  88  13:46  Extractor, Queen  
  88  13:47  Extractor  
  86  13:52  Hydralisk x2  
  86  13:53  Hydralisk x7  
  86  13:54  Hydralisk  
  106  13:56  Zerg Missile Weapons Level 2  
  106  14:16  Drone x2  
  108  14:28  Spire  
  95  15:14  Overlord x2, Hydralisk  
  95  15:15  Overlord, Hydralisk x12  
  119  15:48  Hydralisk  
  119  15:49  Hydralisk x9  
  139  16:03  Hatchery  
  138  16:11  Zerg Ground Armor Level 2  
  72  16:34  Hydralisk  
  72  16:35  Hydralisk x6  
  82  16:52  Hydralisk x2  
  82  16:53  Hydralisk x2  
  90  17:13  Hydralisk  
  90  17:14  Corruptor x3  
  98  17:20  Drone x3  
  101  17:31  Queen  
  101  17:33  Overlord  
  103  17:50  Overseer  
  103  17:51  Overseer  
  103  18:04  Hydralisk x6  
  113  18:47  Hydralisk x8  
  113  18:48  Hydralisk x6  
  141  19:19  Hydralisk  
  141  19:20  Hydralisk x8  
  141  19:22  Overlord  
  141  19:24  Overlord  
  159  19:48  Hydralisk x5  
  169  19:59  Extractor  
  168  20:02  Extractor  
  167  20:12  Hatchery  
  162  20:39  Hydralisk x2  
  162  20:40  Hydralisk x6  
  162  20:41  Overlord x4  
  162  20:42  Overlord  
  176  21:25  Drone x2  
  177  21:26  Drone  
  175  21:40  Infestation Pit  
  174  21:56  Overlord x4  
  174  22:07  Drone x4  
  178  22:35  Corruptor  
  178  22:36  Corruptor x10  
  200  22:47  Extractor x2  
Show
View Real Time Build Order
Export as new Build Order

bestiger Terran - Winner!

Build Orders: MMM Bio 

Get SALT Encoding   

  12  0:01  SCV  
  13  0:13  SCV  
  14  0:25  SCV  
  14  0:27  Supply Depot  
  15  0:43  Supply Depot  
  15  0:55  Barracks  
  15  1:03  SCV, Barracks  
  16  1:12  Supply Depot  
  16  1:17  SCV  
  17  1:29  SCV  
  18  1:44  Marine  
  18  1:46  Orbital Command  
  19  1:52  Marine  
  20  1:55  Refinery  
  20  1:59  Refinery  
  20  2:04  Marine  
  21  2:24  Command Center  
  21  2:29  Marine  
  21  2:31  SCV  
  23  2:45  Marine  
  23  2:47  SCV  
  25  3:00  SCV  
  25  3:02  Barracks  
  26  3:08  Factory  
  26  3:12  SCV  
  27  3:14  Barracks Tech Lab  
  27  3:16  Marine  
  28  3:24  SCV  
  29  3:35  Combat Shields  
  29  3:37  Marine, Marauder  
  29  3:40  Orbital Command  
  32  3:50  Marine, SCV  
  32  3:54  Factory Tech Lab  
  34  3:58  Marine  
  34  4:02  SCV  
  38  4:10  Marauder  
  38  4:14  SCV  
  39  4:19  Siege Tank, Barracks  
  39  4:21  Marine x2  
  44  5:02  Siege Tank  
  44  5:04  Marine x2, Marauder  
  51  5:22  Marine x3  
  54  6:08  Stimpack  
  54  6:14  Supply Depot x2  
  54  6:17  Supply Depot  
  54  6:29  Marine x4  
  58  6:35  Refinery  
  58  6:37  Refinery  
  58  6:44  Siege Tank  
  58  6:47  Marine  
  61  6:48  Command Center  
  62  6:58  Barracks  
  62  7:03  Barracks  
  62  7:04  Barracks  
  62  7:07  Barracks  
  62  7:11  Marine  
  62  7:12  Marine x2, Marauder  
  67  7:23  Siege Tank  
  70  7:31  Engineering Bay  
  70  7:33  Engineering Bay  
  70  7:34  SCV  
  71  7:42  Supply Depot  
  71  7:44  Supply Depot  
  71  7:46  Supply Depot, SCV  
  71  7:47  Supply Depot  
  72  7:58  Barracks Reactor, SCV  
  73  7:59  Barracks Tech Lab x2, Barracks Reactor  
  73  8:00  Barracks Tech Lab, Barracks Reactor  
  73  8:06  Siege Tank  
  73  8:10  Concussive Shells  
  76  8:15  Terran Infantry Armor Level 1  
  76  8:25  SCV  
  77  8:37  Armory, SCV  
  78  8:44  Marine x3  
  78  8:45  Marine x3, Marauder x2  
  78  8:46  Marine, Marauder x2  
  93  8:54  Terran Infantry Weapons Level 1  
  93  9:02  Orbital Command, Marine x2  
  94  9:08  Refinery x2  
  95  9:15  Marine x4  
  95  9:16  Marine x2  
  101  9:41  Marine x4, Marauder x4  
  101  9:42  Marine  
  101  9:44  Siege Tank  
  117  9:52  Starport, SCV  
  118  9:57  Marine x2  
  120  10:02  Marauder x2  
  124  10:34  Marine x3  
  124  10:35  Marine x6  
  133  10:51  Marine x2  
  133  10:52  Marine x6  
  141  10:57  Supply Depot  
  141  10:58  Supply Depot  
  141  10:59  Terran Infantry Weapons Level 2, Supply Depot  
  141  11:17  Missile Turret  
  141  11:18  Marine x8  
  141  11:19  Marine x3, Missile Turret  
  141  11:20  Missile Turret  
  152  11:31  Missile Turret  
  152  11:33  Terran Vehicle Weapons Level 1  
  152  11:35  Starport Reactor  
  152  11:36  Marine x4  
  152  11:37  Marine x2  
  152  11:38  Marine x3  
  152  11:39  Marine  
  162  11:57  Marine  
  162  11:58  Marine x2  
  165  12:06  Marine x5  
  158  13:14  Marine x2  
  158  13:15  Marine  
  100  14:36  Marine  
  100  14:37  Marine x10  
  99  14:54  Marine x8  
  99  14:55  Marine x3  
  83  15:12  Marine x7  
  81  15:32  Marine  
  81  15:33  Marine x4  
  40  15:52  Marine  
  41  16:03  Orbital Command  
  41  16:28  SCV  
  42  16:39  Marine x8  
  50  16:40  Marine, SCV  
  50  16:47  SCV  
  53  16:52  SCV  
  52  16:59  SCV  
  53  17:04  SCV  
  54  17:16  SCV  
  54  17:21  Marine x4  
  54  17:22  Marine, Marauder  
  60  17:33  Marine x5  
  60  17:35  SCV  
  66  17:39  Marine x5  
  66  17:43  Marine  
  72  17:47  SCV  
  72  17:50  Marine  
  72  17:51  Marine x2, Marauder  
  74  17:54  Terran Infantry Weapons Level 3  
  78  17:59  SCV  
  79  18:14  Marine x3, Marauder x2  
  79  18:15  Marine, Marauder  
  89  18:49  Marine x4  
  89  18:50  Marine x3, Marauder x2  
  89  18:51  Marauder x2  
  104  19:06  Marine  
  105  19:11  Marauder  
  79  20:16  Marine x2  
  79  20:17  Marine x9  
  89  20:34  Marine x3  
  89  20:35  Marine  
  91  20:36  Marauder  
  88  21:27  Marine x11  
  84  21:44  Marine  
  84  21:45  Marine x8  
  88  22:02  Marine  
  88  22:03  Marine x4  
  88  22:04  Marauder  
  95  22:11  Orbital Command  
Show
View Real Time Build Order
Export as new Build Order

Peacekeeper Zerg - Winner!

Build Orders: 3 Hatch before Pool, Lurkers 

Get SALT Encoding   

  12  0:03  Drone  
  13  0:09  Drone  
  14  0:20  Extractor  
  13  0:21  Extractor  
  13  0:23  Drone x2  
  16  0:46  Hatchery  
  15  1:07  Hatchery  
  14  1:18  Extractor  
  14  1:21  Extractor  
  12  1:27  Spawning Pool  
  12  1:30  Drone  
  12  1:35  Drone  
  13  1:44  Overlord  
  13  1:51  Drone  
  14  2:01  Drone  
  15  2:05  Drone  
  16  2:09  Drone  
  16  2:15  Drone  
  18  2:29  Lair  
  18  2:33  Drone  
  18  2:37  Drone  
  20  2:40  Drone  
  21  2:44  Drone  
  22  2:51  Drone x2  
  22  2:55  Drone  
  25  2:59  Drone  
  25  3:03  Drone  
  27  3:06  Drone  
  27  3:12  Drone x2  
  30  3:15  Drone  
  31  3:23  Drone  
  32  3:27  Extractor  
  32  3:28  Drone x2  
  32  3:29  Extractor  
  32  3:38  Spire  
  32  3:39  Drone  
  32  3:43  Overlord  
  32  3:48  Extractor  
  31  3:49  Drone  
  31  3:50  Extractor, Drone  
  32  4:04  Drone x2  
  34  4:17  Drone  
  34  4:18  Drone x2  
  34  4:28  Overlord  
  32  4:49  Mutalisk x2  
  32  4:52  Mutalisk x3  
  42  4:57  Mutalisk  
  44  5:00  Mutalisk  
  44  5:06  Mutalisk  
  46  5:11  Mutalisk  
  50  5:40  Hatchery  
  42  7:51  Drone x3  
  44  8:01  Spawning Pool, Drone x3  
  46  8:10  Drone  
  47  8:26  Drone  
  47  8:27  Drone  
  49  8:30  Drone  
  49  8:33  Overlord x2  
  50  8:36  Overlord  
  50  8:38  Overlord  
  50  8:39  Overlord x2  
  50  8:52  Lair  
  50  9:07  Drone  
  50  9:08  Drone x2  
  53  9:11  Drone x3  
  53  9:13  Queen  
  53  9:14  Queen  
  60  9:19  Drone x3  
  63  9:25  Drone  
  63  9:31  Overlord  
  64  9:33  Overlord  
  64  9:57  Infestation Pit  
  59  10:00  Evolution Chamber  
  59  10:06  Spore Crawler x2  
  45  10:07  Spore Crawler  
  45  10:09  Spore Crawler  
  45  10:10  Spore Crawler x2  
  45  10:11  Spore Crawler  
  45  10:12  Spore Crawler  
  45  10:14  Spore Crawler  
  24  10:16  Spore Crawler  
  32  10:34  Queen  
  34  10:41  Hydralisk Den  
  33  10:50  Zerg Missile Weapons Level 1  
  33  10:57  Evolution Chamber  
  33  11:04  Drone x3  
  34  11:10  Lurker Den  
  35  11:14  Hydralisk x3  
  35  11:17  Hydralisk x4  
  35  11:18  Hydralisk x5  
  59  11:25  Drone  
  60  11:33  Zerg Ground Armor Level 1  
  53  11:44  Spore Crawler  
  53  11:45  Spore Crawler  
  53  11:46  Spore Crawler  
  50  12:01  Spore Crawler  
  50  12:03  Hydralisk x5  
  50  12:04  Hydralisk  
  61  12:09  Hydralisk x5  
  71  12:31  Hydralisk x2  
  71  12:34  Hydralisk x4  
  71  12:35  Hydralisk  
  80  13:04  Spore Crawler, Hydralisk x4  
  80  13:05  Spore Crawler  
  86  13:07  Spore Crawler  
  85  13:41  Lurker x6  
  88  13:42  Lurker  
  92  14:09  Overlord  
  67  15:22  Hydralisk x5  
  77  15:30  Drone x2  
  41  17:23  Hydralisk x5  
  41  17:24  Hydralisk x4  
  59  17:41  Hydralisk  
  61  17:45  Hydralisk x3  
  55  18:06  Queen  
  57  18:24  Hatchery  
  56  19:35  Lurker x2  
  56  19:36  Lurker x2  
  56  19:37  Lurker x2  
  62  19:46  Drone  
  62  19:51  Hydralisk x2  
  62  19:52  Hydralisk x7  
Show
View Real Time Build Order
Export as new Build Order

GiermoIVI Zerg 

Build Orders: Pool First 

Get SALT Encoding   

  12  0:02  Drone  
  13  0:15  Drone  
  13  0:18  Overlord  
  14  0:38  Drone x2  
  14  0:39  Drone  
  17  0:56  Spawning Pool  
  16  0:57  Drone  
  17  1:12  Hatchery  
  16  1:23  Extractor  
  16  1:25  Extractor  
  14  1:27  Drone x2  
  14  1:29  Overlord  
  16  1:44  Zergling x2  
  17  1:49  Zergling x2  
  17  1:52  Queen  
  20  2:01  Zergling x2  
  21  2:11  Zergling x2  
  22  2:22  Zergling x2  
  23  2:26  Zergling x2  
  23  2:27  Queen  
  26  2:46  Zergling x2  
  26  2:47  Zergling x4  
  26  2:48  Zergling x2  
  28  3:06  Zergling x4  
  28  3:07  Zergling x2  
  28  3:12  Zergling x2  
  29  3:30  Drone x2  
  29  3:31  Drone x2  
  32  3:45  Hatchery  
  31  3:49  Hatchery  
  29  4:04  Drone x3  
  32  4:14  Drone  
  32  4:15  Drone x2  
  35  4:18  Lair  
  35  4:28  Overlord x2  
  35  5:04  Drone x5  
  35  5:05  Drone x3  
  35  5:06  Drone x4  
  41  5:35  Drone  
  41  5:36  Drone x5  
  41  5:37  Queen  
  41  5:38  Queen  
  41  5:40  Drone x2  
  41  5:42  Extractor  
  51  5:44  Extractor  
  50  6:02  Spire x2  
  48  6:12  Spore Crawler  
  48  6:13  Spore Crawler  
  46  6:18  Spore Crawler  
  46  6:20  Spore Crawler  
  46  6:23  Spore Crawler  
  43  6:28  Spore Crawler  
  42  6:36  Spore Crawler  
  41  6:41  Drone x2  
  41  6:42  Drone x4  
  41  6:43  Drone  
  41  6:44  Drone x6  
  54  7:15  Zerg Flyer Weapons Level 1  
  51  7:16  Zerg Flyer Armor Level 1  
  51  7:24  Extractor x2, Drone  
  51  7:25  Drone x9  
  59  7:31  Mutalisk x2  
  59  7:33  Overlord x2  
  63  8:12  Drone x4  
  67  8:13  Drone  
  67  8:15  Overseer x2  
  68  8:21  Drone x4  
  68  8:23  Drone  
  68  8:24  Overlord x3  
  73  8:30  Drone x4  
  73  8:31  Drone x2  
  79  8:36  Drone  
  79  8:37  Overlord x3  
  80  8:46  Mutalisk x3  
  80  8:48  Mutalisk x6  
  88  8:51  Mutalisk  
  88  8:53  Mutalisk  
  102  9:05  Mutalisk x3  
  102  9:06  Mutalisk x3  
  102  9:09  Mutalisk  
  116  9:18  Mutalisk  
  116  9:19  Mutalisk  
  116  9:20  Mutalisk  
  122  9:44  Mutalisk x2  
  122  9:45  Mutalisk  
  128  9:46  Overlord x2  
  124  10:39  Mutalisk  
  124  10:40  Mutalisk x5  
  124  10:41  Mutalisk x4  
  118  11:26  Drone x4  
  118  11:27  Drone x2  
  118  11:31  Evolution Chamber  
  123  11:33  Evolution Chamber  
  123  11:37  Roach Warren  
  121  11:41  Hydralisk Den  
  120  11:49  Overseer  
  108  13:26  Zerg Missile Weapons Level 1  
  108  13:28  Muscular Augments  
  108  13:29  Tunneling Claws  
  108  13:31  Burrow  
  108  13:43  Roach  
  108  13:44  Roach x2  
  108  13:45  Roach x3  
  94  14:18  Hydralisk x3  
  94  14:20  Roach x4  
  94  14:21  Overlord, Roach x2  
  94  14:22  Overlord x6, Roach  
  94  14:23  Overlord x2  
  100  14:31  Spine Crawler x2  
  100  14:32  Spine Crawler x2  
  94  14:42  Queen  
  94  14:43  Roach x4  
  94  14:44  Roach x4  
  94  14:45  Roach x2  
  87  15:07  Mutalisk  
  87  15:08  Mutalisk x10  
  87  15:10  Mutalisk  
  87  15:11  Mutalisk  
  87  15:14  Mutalisk x5  
  93  15:20  Spine Crawler  
  93  15:21  Spine Crawler x3  
  101  15:22  Spine Crawler x5  
  101  15:23  Spine Crawler  
  101  15:24  Queen, Spine Crawler x2  
  101  15:25  Nydus Network  
  101  15:26  Mutalisk x2  
  94  15:31  Mutalisk  
  94  15:32  Mutalisk  
  82  15:56  Mutalisk  
  82  16:03  Spawning Pool  
  85  16:09  Lair  
  83  16:13  Mutalisk x7  
  103  16:21  Mutalisk x2  
  67  17:15  Overseer  
  67  17:33  Hatchery  
  67  17:34  Hatchery  
  65  17:37  Hatchery  
  65  17:41  Hatchery  
  63  18:07  Evolution Chamber  
  63  18:08  Evolution Chamber, Drone x6  
  63  18:12  Queen  
  55  18:46  Overlord x3  
  55  18:47  Overlord x5  
  55  18:48  Queen  
  57  19:04  Roach Warren  
  57  19:06  Zerg Ground Armor Level 1  
  56  19:15  Hydralisk Den  
  39  19:32  Drone x2  
  39  19:33  Drone  
  42  20:00  Roach x4  
  42  20:01  Roach x7  
  70  20:07  Roach x11  
  70  20:12  Roach x10  
  70  20:13  Roach x3  
  74  20:17  Roach x6  
  54  20:40  Roach  
  54  20:41  Roach x16  
  52  20:46  Roach x4  
  52  20:47  Roach x3  
  2  21:29  Roach  
Show
View Real Time Build Order
Export as new Build Order

Mecho Protoss 

Build Orders:  

Get SALT Encoding   

  12  0:02  Probe (Chrono Boost)  
  13  0:13  Probe (Chrono Boost)  
  14  0:23  Probe (Chrono Boost)  
  15  0:43  Pylon  
  15  1:01  Probe (Chrono Boost)  
  16  1:12  Probe (Chrono Boost)  
  17  1:22  Probe (Chrono Boost)  
  18  1:28  Nexus  
  18  1:33  Probe (Chrono Boost)  
  18  1:35  Pylon  
  19  1:42  Gateway  
  19  1:43  Probe (Chrono Boost)  
  20  1:57  Forge  
  20  2:02  Probe (Chrono Boost)  
  21  2:12  Probe (Chrono Boost)  
  22  2:15  Assimilator  
  22  2:22  Pylon  
  22  2:23  Probe (Chrono Boost)  
  23  2:31  Pylon  
  23  2:32  Zealot (Chrono Boost)  
  23  2:33  Probe (Chrono Boost)  
  26  2:45  Probe  
  27  2:51  Photon Cannon  
  27  2:56  Zealot (Chrono Boost)  
  29  3:04  Photon Cannon  
  29  3:19  Photon Cannon  
  31  3:20  Zealot (Chrono Boost)  
  31  3:31  Assimilator  
  31  3:33  Probe  
  31  3:41  Photon Cannon  
  32  3:43  Probe  
  32  3:44  Zealot (Chrono Boost)  
  32  3:48  Photon Cannon  
  35  3:52  Pylon  
  35  3:54  Probe  
  36  4:04  Probe  
  37  4:15  Zealot (Chrono Boost), Probe  
  40  4:39  Zealot (Chrono Boost)  
  40  5:03  Zealot (Chrono Boost)  
  38  5:23  Photon Cannon  
  38  5:30  Cybernetics Core  
  34  5:50  Photon Cannon  
  34  5:55  Photon Cannon  
  34  6:03  Pylon  
  34  6:18  Assimilator  
  34  6:19  Protoss Air Weapons Level 1 (Chrono Boost)  
  34  6:20  Stargate  
  34  6:21  Stargate  
  34  6:24  Stargate  
  34  6:39  Mothership Core, Assimilator  
  36  6:57  Photon Cannon  
  36  7:00  Photon Cannon, Probe  
  37  7:04  Pylon  
  37  7:07  Phoenix (Chrono Boost)  
  43  7:09  Phoenix x2 (Chrono Boost)  
  43  7:12  Probe  
  44  7:24  Probe  
  45  7:30  Phoenix (Chrono Boost)  
  45  7:33  Photon Cannon  
  45  7:36  Pylon, Probe  
  50  7:44  Phoenix (Chrono Boost)  
  50  7:50  Probe  
  51  7:51  Protoss Air Armor Level 1  
  51  7:54  Probe  
  52  8:03  Probe  
  53  8:06  Phoenix (Chrono Boost), Probe  
  53  8:09  Phoenix x2 (Chrono Boost)  
  60  8:15  Probe  
  60  8:16  Pylon  
  60  8:18  Probe  
  62  8:24  Fleet Beacon  
  63  8:27  Probe  
  63  8:30  Probe  
  64  8:37  Pylon  
  64  8:38  Nexus  
  64  8:39  Probe  
  65  8:43  Pylon  
  65  8:46  Assimilator  
  65  8:51  Phoenix (Chrono Boost)  
  65  8:54  Phoenix x2 (Chrono Boost)  
  71  9:12  Probe  
  71  9:15  Probe  
  73  9:24  Probe  
  73  9:28  Probe  
  81  9:36  Probe  
  82  9:39  Carrier (Chrono Boost)  
  82  9:40  Probe  
  83  9:48  Photon Cannon, Probe  
  83  9:52  Photon Cannon, Probe  
  85  9:54  Photon Cannon  
  85  9:58  Photon Cannon  
  85  10:00  Probe  
  85  10:01  Photon Cannon  
  85  10:03  Pylon, Probe  
  85  10:04  Probe  
  85  10:06  Pylon  
  88  10:11  Pylon  
  88  10:12  Assimilator  
  88  10:13  Anion Pulse-Crystals, Probe  
  95  10:21  Protoss Air Weapons Level 2  
  95  10:24  Probe  
  96  10:30  Carrier (Chrono Boost)  
  96  10:34  Probe  
  103  10:45  Probe  
  104  10:55  Probe  
  105  11:06  Probe  
  106  11:16  Probe  
  106  11:17  Graviton Catapult  
  107  11:21  Pylon  
  107  11:23  Pylon  
  107  11:26  Pylon  
  107  11:27  Probe  
  107  11:28  Pylon  
  107  11:32  Pylon  
  114  11:34  Pylon  
  114  11:37  Pylon  
  114  11:38  Stargate  
  114  11:41  Pylon  
  114  11:43  Nexus  
  114  11:45  Carrier (Chrono Boost)  
  114  11:46  Assimilator  
  114  11:49  Assimilator  
  120  12:02  Carrier (Chrono Boost)  
  120  12:07  Photon Cannon  
  120  12:08  Photon Cannon  
  120  12:11  Photon Cannon  
  120  12:12  Photon Cannon  
  120  12:15  Photon Cannon  
  120  12:19  Protoss Air Armor Level 2  
  120  12:23  Photon Cannon  
  120  12:28  Photon Cannon  
  120  12:33  Photon Cannon  
  120  12:35  Photon Cannon  
  120  12:37  Photon Cannon  
  120  12:39  Photon Cannon  
  120  12:43  Probe  
  121  12:50  Probe  
  122  12:55  Probe  
  123  13:03  Probe  
  130  13:07  Probe  
  130  13:12  Probe  
  131  13:14  Carrier (Chrono Boost)  
  131  13:15  Probe x2  
  131  13:19  Probe  
  135  13:22  Probe  
  135  13:26  Probe  
  136  13:27  Probe  
  136  13:32  Probe  
  136  13:33  Probe  
  138  13:36  Probe  
  138  13:39  Probe  
  134  13:43  Probe  
  134  13:47  Probe  
  135  13:54  Probe  
  129  13:57  Probe  
  60  16:52  Gateway  
  54  16:55  Forge  
  54  16:58  Pylon  
  54  16:59  Pylon  
  48  17:57  Cybernetics Core  
  48  18:13  Gateway  
  48  18:14  Gateway  
  48  18:18  Gateway  
  48  18:19  Gateway  
  48  18:20  Gateway  
  48  18:23  Gateway  
  48  18:24  Gateway  
  48  18:26  Gateway  
  48  18:27  Protoss Ground Weapons Level 1 (Chrono Boost)  
  48  18:34  Gateway  
  48  18:40  Pylon  
  48  18:44  Pylon  
  48  18:45  Pylon x2  
  48  18:47  Pylon  
  44  18:50  Mothership Core  
  42  18:59  Stargate  
  42  19:00  Stargate  
  42  19:02  Stargate  
  41  19:03  Stargate  
  41  19:06  Stargate  
  41  19:10  Stargate  
  41  19:11  Stargate  
  41  19:13  Pylon  
  41  19:16  Pylon  
  38  19:18  Pylon  
  27  19:25  Stalker x3  
  27  19:26  Stalker x6  
  27  19:27  Stalker  
  45  19:56  Mothership Core  
  45  19:57  Zealot  
  4  20:43  Void Ray  
  4  20:48  Void Ray x3  
  4  20:49  Void Ray x3  
  32  20:57  Forge  
Show
View Real Time Build Order
Export as new Build Order

Hades Zerg 

Build Orders: Hatch First 

Get SALT Encoding   

  12  0:31  Drone  
  13  0:36  Hatchery, Drone  
  13  0:40  Drone  
  14  0:52  Overlord  
  14  1:11  Drone  
  14  1:12  Drone  
  14  1:15  Drone  
  14  1:17  Extractor  
  16  1:29  Spawning Pool, Drone  
  16  1:49  Drone x3  
  19  1:58  Overlord  
  19  2:16  Queen x2  
  19  2:20  Metabolic Boost  
  23  2:31  Zergling x2  
  23  2:32  Zergling x8  
  23  2:36  Zergling x2  
  29  2:44  Drone  
  30  2:48  Extractor  
  29  3:10  Lair  
  29  3:12  Drone  
  30  3:13  Drone x2  
  32  3:31  Drone x3  
  32  3:32  Drone  
  36  3:34  Overlord x2  
  36  3:37  Overlord  
  36  4:14  Roach Warren  
  35  4:17  Hydralisk Den, Drone  
  35  4:18  Drone x8  
  35  4:21  Drone  
  41  4:59  Hydralisk  
  41  5:00  Hydralisk x8  
  41  5:04  Drone  
  57  5:24  Drone x3  
  60  5:32  Overlord x4  
  60  5:33  Overlord x2  
  60  5:37  Muscular Augments  
  60  5:52  Drone x2  
  60  5:56  Extractor  
  61  5:57  Extractor  
  61  5:59  Drone x3  
  61  6:02  Drone x3  
  65  6:12  Hydralisk  
  65  6:13  Hydralisk x3  
  54  6:25  Hydralisk Den  
  54  6:28  Spore Crawler  
  54  6:29  Spore Crawler  
  54  6:32  Spore Crawler  
  46  6:33  Spore Crawler  
  46  6:35  Spore Crawler  
  37  6:52  Queen  
  37  6:57  Drone  
  37  6:58  Drone  
  39  7:09  Drone  
  39  7:14  Drone  
  41  7:23  Drone  
  35  7:47  Drone  
  35  7:48  Drone x2  
  38  8:02  Drone  
  38  8:05  Drone  
  40  8:17  Drone  
  40  8:19  Drone  
  42  8:24  Drone  
  19  8:48  Drone  
  19  8:49  Drone x4  
  19  8:52  Drone  
  25  9:16  Queen x2  
  29  9:24  Drone x2  
  29  9:25  Drone  
  29  9:27  Drone  
  29  9:30  Drone  
  34  9:32  Drone  
  35  9:44  Drone x2  
  37  9:47  Drone x2  
  39  10:03  Lurker Den  
  39  10:07  Drone x2  
  39  10:09  Drone  
  42  10:28  Extractor  
  42  10:29  Hatchery  
  42  10:32  Extractor  
  39  10:36  Hydralisk  
  39  10:37  Hydralisk x6  
  39  10:39  Hydralisk  
  55  10:44  Hydralisk  
  57  10:58  Evolution Chamber  
  57  10:59  Evolution Chamber  
  55  11:07  Infestation Pit  
  54  11:12  Evolution Chamber  
  53  11:23  Roach x5  
  63  11:56  Queen  
  65  12:10  Drone  
  65  12:11  Drone x9  
  65  12:12  Drone x5  
  65  12:14  Drone  
  81  12:46  Drone x2  
  81  12:47  Drone  
  81  12:48  Drone  
  81  12:49  Drone x2  
  87  12:51  Overlord  
  87  12:52  Overlord x3  
  87  12:58  Zerg Melee Weapons Level 1, Zerg Missile Weapons Level 1, Zerg Ground Armor Level 1  
  87  13:04  Hive  
  77  13:07  Pneumatized Carapace  
  59  13:21  Roach  
  59  13:22  Roach x5  
  59  13:23  Roach  
  73  13:29  Zergling x6  
  73  13:30  Zergling x4  
  73  13:32  Zergling x2  
  79  13:34  Zergling x2  
  80  13:49  Hydralisk  
  80  13:50  Hydralisk x4  
  80  13:51  Hydralisk  
  92  13:57  Roach x2  
  92  14:00  Zergling x4  
  74  14:18  Zergling x4  
  74  14:19  Zergling x12  
  74  14:20  Zergling x10  
  74  14:21  Zergling x2  
  84  14:37  Ultralisk Cavern  
  1  19:46  Hatchery  
    21:40  Drone x2  
    21:41  Drone  
  3  22:01  Drone  
  3  22:02  Drone  
  2  22:17  Spawning Pool  
  2  22:18  Drone  
  2  22:32  Drone  
  2  22:35  Drone  
  4  22:39  Hatchery  
  4  22:41  Hatchery  
  2  22:55  Drone  
  2  22:56  Drone  
  4  23:17  Spine Crawler x2, Drone x2  
  4  23:20  Spine Crawler  
  4  23:22  Spine Crawler  
Tags
 
Add a new tag
Caveats
  • Supply blocks, unpowered buildings, or Contaminate may cause inaccurate times.
  • Supply counts are checked every 10 seconds.